AoeStats
← CalZing

Arena

509725847Analyzed
1v1 RM · 3d ago on Sep 27, 2026· 47m 56s· 2 players
Game mode
Random Map
Map size
Tiny (2 player)
Population
200
Speed
Normal
Resources
Standard
Victory
Conquest
Starting age
Dark Age
Ending age
Imperial Age
RankedLock teamsTeams togetherTeam positionsShared explorationLock speedFull tech treeHidden civsTurbo modeCheats
Victory
Defeat
🇩🇪 Turks · Germany
1186
+15
🇸🇪 Varangians · Sweden
1173
-15
CalZing
10:48 Feudal Age
10:24 Loom
14:56 Castle Age
13:07 Horse Collar
21:22 Fervor
22:16 Double-Bit Axe
23:00 Town Watch
25:10 Scale Barding Armor
26:14 Devotion
28:21 Wheelbarrow
32:21 Imperial Age
31:01 Forging
31:35 Chain Barding Armor
32:26 Iron Casting
32:32 Fletching
33:04 Bloodlines
32:56 Husbandry
33:33 Conscription
34:58 Plate Barding Armor
35:26 Blast Furnace
34:28 Cavalier
39:38 Scale Mail Armor
48:15 Bodkin Arrow
moeb
9:26 Feudal Age
10:41 Feudal Age
11:45 Double-Bit Axe
11:53 Horse Collar
14:50 Castle Age
13:08 Horse Collar
15:00 Gold Mining
15:02 Stone Mining
16:52 Bow Saw
19:11 Fervor
20:55 Loom
22:59 Heavy Plow
25:08 Wheelbarrow
24:55 Town Watch
26:06 Hand Cart
31:29 Imperial Age
29:49 Sipahi
29:53 Thumb Ring
29:58 Fletching
30:36 Bodkin Arrow
30:42 Padded Archer Armor
31:27 Ballistics
33:06 Guilds
33:25 Husbandry
34:19 Parthian Tactics
34:44 Conscription
33:56 Heavy Cavalry Archer
39:48 Two-Man Saw
38:57 Town Patrol
39:26 Leather Archer Armor
40:25 Masonry
40:51 Treadmill Crane
41:43 Architecture
43:06 Gold Shaft Mining
43:51 Heavy Camel Rider
46:27 Scale Barding Armor
46:32 Bracer
47:26 Ring Archer Armor
47:42 Bloodlines
Connection lost

Rejoining the realm…

Still unreachable

The connection could not be restored.

Session expired

The server has moved on; the page needs a fresh start.